 Dungeon Crawl Stone Soup version 0.30-a0-118-ga018f8e90f (webtiles) character file.

Game seed: 9602154720868961668

708 flotson the Sneak (level 7, -7/55 HPs)
             Began as a Demonspawn Delver on Sept 14, 2022.
             Mangled by an ogre
             ... wielding a +0 giant club
              (22 damage)
             ... on level 5 of the Dungeon.
             The game lasted 00:07:29 (4411 turns).

flotson the Sneak (Demonspawn Delver)               Turns: 4411, Time: 00:07:29

Health: -7/55      AC: 10    Str: 13 (15) XL:     7   Next: 40%
Magic:  7/7        EV: 10    Int: 10 (11) God:
Gold:   208        SH:  4    Dex: 13 (14) Spells: 6/6 levels left

rFire   . . .      SeeInvis .    a - +0 trident
rCold   . . .      Faith    .    (no shield)
rNeg    . . .      Spirit   .    o - +0 scale mail
rPois   .          Reflect  .    (helmet restricted)
rElec   .          Harm     .    l - +0 cloak
rCorr   .          Rampage  .    q - +1 Delatra's gloves {ID++}
Will    .....                    (no boots)
Stlth   +.........               (no amulet)
HPRegen 0.18/turn                (no ring)
MPRegen 0.10/turn                (no ring)

@: no status effects
A: antennae 1, large bone plates 1, powered by death 2, spiny 1
a: no special abilities


You were on level 5 of the Dungeon.
You visited 1 branch of the dungeon, and saw 5 of its levels.

You collected 208 gold pieces.

Inventory:

Hand Weapons
 a - a +0 trident (weapon)
Missiles
 h - 6 boomerangs (quivered)
 k - 6 poisoned darts
 x - a throwing net
 y - a javelin
 z - an atropa-tipped dart
Armour
 l - a +0 cloak (worn)
 o - a +0 scale mail (worn)
 q - the +1 Delatra's gloves (worn) {ID++}
   (You found it on level 3 of the Dungeon)

   It heals its wearer when they drink unknown potions.
   It restores its wearer's MP when they read unknown scrolls.
Wands
 g - a wand of digging (3)
 v - a wand of mindburst (19)
 w - a wand of polymorph (7)
 B - a wand of paralysis (7)
 C - a wand of flame (10)
Scrolls
 c - a scroll of fog
 d - a scroll of vulnerability {unknown}
 e - 2 scrolls of fear
 j - a scroll of summoning {unknown}
 m - 8 scrolls of identify {unknown}
 n - a scroll of teleportation {unknown}
 t - 2 scrolls of magic mapping
 D - a scroll of silence {unknown}
Potions
 b - a potion of heal wounds {unknown}
 f - a potion of lignification {unknown}
 i - 2 potions of degeneration
 p - 3 potions of flight {unknown}
 r - a potion of resistance {unknown}
 s - 2 potions of curing {unknown}
 u - a potion of magic {unknown}
 A - 2 potions of brilliance {unknown}
 E - a potion of haste


   Skills:
 + Level 4.5 Fighting
 + Level 3.0 Axes
 + Level 2.7 Throwing
 + Level 2.9 Armour
 + Level 3.4 Dodging
 - Level 4.5 Stealth
 + Level 3.2 Evocations


You had 6 spell levels left.
You didn't know any spells.
Your spell library was empty.

Dungeon Overview and Level Annotations

Branches:
Dungeon (5/15)             Temple (0/1) D:5

Altars:
Cheibriados
Dithmenos
Nemelex Xobeh
Okawaru
Uskayaw

Shops:
D:1 ?   D:4 (


Innate Abilities, Weirdness & Mutations

You have a pair of small antennae on your head.
You are partially covered in large bone plates. (SH +4)
You regenerate health from kills.
You are partially covered in sharp spines.


Message History

The white imp shouts, "Scamper away, thou mewling base-court apple-john!"
An ogre comes into view. It is wielding a +0 giant club.
The white imp grinds its teeth.
The white imp gestures at you. The puff of frost misses you.
The ogre shouts!
You hit the white imp.
The white imp is heavily wounded.
You hear a shout!
The white imp barely misses you.
You closely miss the white imp.
The white imp is heavily wounded.
The white imp is struck by your spines.
You kill the white imp!
An ogre comes into view. It is wielding a +0 giant club.
The ogre moves out of view.
You hit the ogre.
The ogre is lightly wounded.
The ogre is struck by your spines. The ogre hits you with a +0 giant club!
You hit the ogre but do no damage.
The ogre is moderately wounded.
The ogre is struck by your spines. The ogre hits you but does no damage.
You hit the ogre.
The ogre is heavily wounded.
The ogre is struck by your spines. The ogre hits you with a +0 giant club!
You barely miss the ogre.
The ogre is severely wounded.
You hit the ogre.
The ogre is almost dead.
The ogre hits you with a +0 giant club!
You are too injured to fight recklessly!
You are too injured to fight recklessly!
You are too injured to fight recklessly!
You are too injured to fight recklessly!
You are too injured to fight recklessly!
The ogre attacks as you move away! The ogre hits you with a +0 giant club.
* * * LOW HITPOINT WARNING * * *
The ogre attacks as you move away! The ogre is struck by your spines.
The ogre hits you with a +0 giant club!!
You die...

*,,,,,,,...,..,,,,,,*,*
*,,,,,,,.....>,,,,,,*,*
***+****#....,,,,,,,*,****
*,,,,,..##,,,**,,,,,,,,,
******#.##,,,**,,,,,,,,,
#O.,,,,,,,,****,**
#.#***,**,,** *,* #O#
*,**,,,* *,* #@#
**##.,,***** #.# *#..§§,**
#.# ##§§§.§§§##
#.####§§...§§§.###
#.#..§.§§.........
#.#......._.§.....
#.....§§§§§§§§§.).
###.##§§§§.§§§§###
#.###§§§§§§.##


You could see 2 ogres.

Vanquished Creatures
  A wraith (D:5)
  A black bear (D:4)
  A necrophage (D:5)
  2 hounds
  3 orc priests
  An iguana (D:4)
  2 orc wizards (D:3)
  6 adders
  A white imp (D:5)
  An ufetubus (D:5)
  2 worms (D:2)
  5 dart slugs
  14 orcs
  6 bats
  2 endoplasms
  5 giant cockroaches
  15 goblins
  10 hobgoblins
  4 jackals (D:1)
  3 quokkas
  3 training dummies (D:4)
  5 ball pythons
  A frilled lizard (D:3)
  A kobold (D:1)
  6 rats
101 creatures vanquished.

Notes
Turn   | Place    | Note
-------+----------+-------------------------------------------
     0 | D:5      | flotson the Demonspawn Delver began the quest for the Orb.
     0 | D:5      | Reached XP level 1. HP: 18/18 MP: 1/1
    19 | D:5      | Noticed a necrophage
   136 | D:4      | Gained mutation: You regenerate a little health from kills.
                  | [demonic ancestry]
   136 | D:4      | Reached XP level 2. HP: 10/24 MP: 2/2
   493 | D:1      | Reached skill level 1 in Evocations
   712 | D:1      | Gained mutation: You regenerate health from kills. [demonic
                  | ancestry]
   712 | D:1      | Reached XP level 3. HP: 20/29 MP: 3/3
   853 | D:1      | Found Pofi's Magic Scroll Emporium.
   877 | D:1      | Reached skill level 1 in Armour
  1963 | D:2      | Gained mutation: You are partially covered in sharp spines.
                  | [demonic ancestry]
  1963 | D:2      | Reached XP level 4. HP: 35/35 MP: 4/4
  2044 | D:2      | Reached skill level 1 in Throwing
  2083 | D:2      | Found a faded altar of an unknown god.
  2386 | D:3      | Found the +1 Delatra's gloves {ID++}
  2476 | D:3      | Gained mutation: You are partially covered in large bone
                  | plates. (SH +4) [demonic ancestry]
  2476 | D:3      | Reached XP level 5. HP: 25/42 MP: 5/5
  2691 | D:3      | Found a faded altar of an unknown god.
  3251 | D:4      | Noticed a black bear
  3264 | D:4      | Killed a black bear
  3265 | D:4      | Gained mutation: You have a pair of small antennae on your
                  | head. [demonic ancestry]
  3265 | D:4      | Reached XP level 6. HP: 48/48 MP: 6/6
  3290 | D:4      | Found Naegra's Firing Range.
  3751 | D:3      | Found a sparkling altar of Nemelex Xobeh.
  3770 | D:4      | Found an iron altar of Okawaru.
  3770 | D:4      | Found a snail-covered altar of Cheibriados.
  3882 | D:5      | Found a hide-covered altar of Uskayaw.
  3993 | D:5      | Reached XP level 7. HP: 12/55 MP: 7/7
  4298 | D:5      | Found a shadowy altar of Dithmenos.
  4323 | D:5      | Noticed a wraith
  4337 | D:5      | Killed a wraith
  4411 | D:5      | Mangled by an ogre

Illustrated notes

Levels and vault maps discovered:
D:1:      dreamdust_arrival_sigmund_warning, layout_loops_ring, serial_shops,
          shop, chequers_serial_rivers_large_a
D:2:      layout_loops_ring, hellmonk_ecumenical_altar_prayer_group
D:3:      cheibrodos_greedy_goblins, layout_basic,
          nicolae_overflow_ecumenical_swirl, pf_guarded_unrand_delatra
D:4:      layout_gridville, gammafunk_temple_overflow_pools, serial_rivers,
          chequers_serial_rivers_small_a, chequers_serial_rivers_micro_e,
          chequers_serial_rivers_micro_a, chequers_serial_rivers_micro_b,
          chequers_serial_rivers_marsh, nicolae_shop_firing_range
D:5:      layout_basic, overflow_temple_1_default,
          nicolae_dithmenos_the_darkroom, minmay_temple_entry_stoned_glass,
          chequers_serial_rivers_large_b, chequers_mini_garden

Skill      XL: |  1  2  3  4  5  6  7 |
---------------+----------------------+-----
Dodging        | 2 3 |  3.4
Evocations     | 1 2 3 |  3.2
Armour         | 1 2 |  2.9
Throwing       | 1 2 |  2.7
Axes           | 2 3 |  3.0
Fighting       | 4 |  4.5
Stealth        | |  4.5

Action                   |  1- 3 |  4- 6 |  7- 9 || total
-------------------------+-------+-------+-------++-------
Melee: Hand axe          |     9 |       |       ||     9
       Trident           |   142 |   152 |    28 ||   322
Throw: Boomerang         |       |     4 |     3 ||     7
Evoke: Wand              |       |       |     1 ||     1
  Use: Potion            |     1 |       |     1 ||     2
       Scroll            |     1 |       |       ||     1
 Stab: Sleeping          |     7 |     1 |       ||     8
Armor: Leather armour    |    27 |       |       ||    27
       Chain mail        |    37 |     4 |       ||    41
       Scale mail        |       |    47 |     8 ||    55
Dodge: Dodged            |    77 |    40 |    15 ||   132
Block: Other             |       |    12 |     4 ||    16

Table legend: (Time is in decaauts)
 A = Elapsed time spent in this place.
 B = Non-inter-level travel time spent in this place.
 C = Inter-level travel time spent in this place.
 D = Time resting spent in this place.
 E = Time spent auto-exploring this place.
 F = Levels seen in this place.
 G = Mean time per level.
                   A        B        C        D        E       F      G
               +--------+--------+--------+--------+--------+-----+--------+
         Total |   4519 |   4342 |    177 |      0 |   3352 |   5 |  903.8 |
       Dungeon |   4519 |   4342 |    177 |      0 |   3352 |   5 |  903.8 |
               +--------+--------+--------+--------+--------+-----+--------+

Top non-repeatable levels by time:
     D:2: 1134 daAuts
     D:3: 945 daAuts
     D:4: 909 daAuts
     D:1: 784 daAuts
     D:5: 745 daAuts
